 Dungeon Crawl Stone Soup version 0.23-a0-577-g2b1de94 (webtiles) character file.

52 Amnesiac the Ducker (level 3, 0/19 HPs)
             Began as a Spriggan Berserker on Dec 15, 2018.
             Was a Follower of Trog.
             Succumbed to an adder's poison
             ... on level 2 of the Dungeon.
             The game lasted 00:01:13 (1091 turns).

Amnesiac the Ducker (Spriggan Berserker)            Turns: 1091, Time: 00:01:14

Health: 0/19       AC:  2    Str: 19    XL:     3   Next: 60%
Magic:  4/4        EV: 20    Int:  8    God:    Trog [*.....]
Gold:   47         SH:  0    Dex: 15    Spells: 2/2 levels left

rFire    . . .     SeeInvis +   a - +0 falchion
rCold    . . .     Gourm    .   (shield restricted)
rNeg     . . .     Faith    .   b - +0 animal skin
rPois    .         Spirit   .   (helmet restricted)
rElec    .         Reflect  .   (no cloak)
rCorr    .         Harm     .   (gloves unavailable)
MR       .....                  (boots unavailable)
Stlth    +.........             (no amulet)
HPRegen  0.06/turn              (no ring)
MPRegen  0.09/turn              (no ring)

@: mighty, lethally poisoned (0 -> -3), berserk cooldown, slowed, quick
A: very small, unfitting armour, see invisible, herbivore, speed 3, slow
metabolism 2
a: Berserk, Renounce Religion


You were on level 2 of the Dungeon.
You worshipped Trog.
Trog was aware of your devotion.
You were not hungry.

You visited 1 branch of the dungeon, and saw 2 of its levels.

You collected 47 gold pieces.

Inventory:

Hand Weapons
 a - a +0 falchion (weapon)
Armour
 b - a +0 animal skin (worn)
Scrolls
 d - a scroll of noise {!r, unknown}
 e - a scroll of remove curse {!r, unknown}
 f - a scroll of random uselessness {!r, unknown}
 g - a scroll of identify {!r, unknown}
 h - a scroll of magic mapping {!r, unknown}
 i - a scroll of enchant armour {!r, unknown}
 j - a scroll of amnesia {!r, unknown}
 k - a scroll of teleportation {!r, unknown}
Comestibles
 c - a ration


   Skills:
 + Level 2.4 Fighting
 - Level 3.4 Long Blades
 - Level 5.2 Dodging


You had 2 spell levels left.
You didn't know any spells.
Your spell library was empty.

Dungeon Overview and Level Annotations

Branches:
Dungeon (2/15)

Altars:


Innate Abilities, Weirdness & Mutations

You are very small and have problems with some larger weapons.
You are too small for most types of armour.
You have supernaturally acute eyesight. (SInv)
You are a herbivore.
You cover ground extremely quickly.
You need to consume almost no food.


Message History

You hit the adder.
The adder is moderately wounded.
You feel sick. The adder closely misses you.
You closely miss the adder.
The adder is moderately wounded.
The adder bites you but does no damage. The adder bites you.
You feel sick.
You feel sick.
A red film seems to cover your vision as you go berserk!
You feel yourself moving faster!
You feel mighty!
You feel quite a bit more hungry.
You miss the adder.
The adder is moderately wounded.
The adder barely misses you.
You closely miss the adder.
The adder is moderately wounded.
The adder completely misses you.
You hit the adder.
The adder is severely wounded.
The adder bites you.
* * * LOW HITPOINT WARNING * * *
You are more poisoned.
The adder poisons you!
You miss the adder.
The adder is severely wounded.
* * * LOW HITPOINT WARNING * * *
You feel sick. The adder completely misses you.
You barely miss the adder.
The adder is severely wounded.
The adder completely misses you.
You slash the adder!
You kill the adder!
Trog accepts your kill.
* * * LOW HITPOINT WARNING * * *
You feel sick.
You see here an adder corpse.
You feel a strong urge to attack something.
You are no longer berserk.
You are exhausted.
You feel yourself slow down.
* * * LOW HITPOINT WARNING * * *
You feel sick.
There is a lethal amount of poison in your body!
Really quaff
g - a fuming silvery potion {!q}?
It was a potion of might {!q}.
You feel very mighty all of a sudden.
* * * LOW HITPOINT WARNING * * *
You feel sick.
* * * LOW HITPOINT WARNING * * *
You feel sick.
A rat comes into view.
* * * LOW HITPOINT WARNING * * *
You feel sick.
Found a stone staircase leading up.
You see here a scroll labeled HYALEG NEH OQU {!r}.
You slash the rat!
You kill the rat!
Trog accepts your kill.
* * * LOW HITPOINT WARNING * * *
You feel sick.
g - a scroll labeled HYALEG NEH OQU {!r} A rat comes into view.
Found 21 bolts and 10 stones.
You die...

.... . ##.#.##..#
........# ...<...
####...#. .......
######...#######
#..(....@....(r. #####
.####...####### #.#.#
#........# #.#.#
#...##....
#.#.#.#.####....#.#.#
###.#.#...............#
......# ######.#..#....
###†### #.#..#...# #
#.# #.#.## ...


You could see a rat (sleeping).

Vanquished Creatures
  2 adders (D:2)
  An ooze (D:1)
  A worm (D:2)
  2 dart slugs (D:1)
  5 bats (D:1)
  A giant cockroach (D:1)
  2 goblins (D:1)
  2 hobgoblins (D:1)
  2 kobolds (D:1)
  2 frilled lizards
  5 rats
25 creatures vanquished.

Notes
Turn   | Place    | Note
-------+----------+-------------------------------------------
     0 | D:1      | Amnesiac the Spriggan Berserker began the quest for the
                  | Orb.
     0 | D:1      | Reached XP level 1. HP: 11/11 MP: 2/2
    82 | D:1      | Reached XP level 2. HP: 8/16 MP: 3/3
   543 | D:1      | Reached skill level 5 in Dodging
   780 | D:2      | Reached XP level 3. HP: 8/19 MP: 4/4
  1091 | D:2      | Succumbed to an adder's poison

Vault maps used:
D:1:      tarquinn_simple_flora_water_f, minmay_misc_feat_x,
          minmay_misc_feat_five
D:2:      vehumet_crystals, nicolae_overflow_hidden_temple,
          uniq_crazy_yiuf_cottage

Skill      XL: |  1  2 |
---------------+-------+-----
Long Blades    | 3 |  3.4
Dodging        | 5 |  5.2
Fighting       | |  2.4

Action                   || total
-------------------------++-------
Melee: Falchion          ||    75
Invok: Berserk           ||     1
  Use: Potion            ||     1
 Stab: Sleeping          ||     1
Armor: Animal skin       ||     6
Dodge: Dodged            ||    56
       Rpst.: Falchion   ||    25

Table legend:
 A = Non-vault XP
 B = Vault XP
 C = Vault XP percentage of total XP
 D = Non-vault monster count
 E = Vault monster count
 F = Vault count percentage of total count
                 A         B        C        D         E       F
            +---------+---------+-------+---------+---------+-------
      Total |      75 |       0 |   0.0 |      25 |       0 |   0.0
            +---------+---------+-------+---------+---------+-------
        D:1 |      39 |       0 |   0.0 |      18 |       0 |   0.0
        D:2 |      36 |       0 |   0.0 |       7 |       0 |   0.0
            +---------+---------+-------+---------+---------+-------
